Map: Catalyst LE

Players

Stephano

  • Race: Zerg Zerg
  • League: Grandmaster
  • Spawn Location: 11:00

Harstem - Winner!

  • Race: Protoss Protoss
  • League: Master
  • Spawn Location: 5:00

Event: HomeStory Cup XVI

VOD

Have the link to the VOD?

Description

Time

  • Played on: Nov. 9, 2017, 11:28 a.m.
  • Length: 9:05

All games in this series

Show
View Real Time Build Order
Export as new Build Order

Stephano Zerg 

Build Orders: Hatch First 

Get SALT Encoding   

  12  0:00  Drone  
  13  0:13  Overlord  
  13  0:17  Drone  
  14  0:31  Drone  
  15  0:46  Hatchery  
  15  0:48  Drone  
  15  0:52  Drone  
  15  0:56  Drone  
  17  1:01  Drone  
  18  1:11  Extractor  
  18  1:16  Spawning Pool  
  16  1:19  Drone  
  16  1:22  Drone  
  18  1:31  Drone  
  19  1:43  Drone  
  20  1:59  Drone  
  21  2:02  Queen  
  21  2:04  Queen  
  21  2:07  Drone  
  21  2:08  Zergling x2  
  27  2:10  Drone  
  28  2:21  Hatchery  
  27  2:23  Drone  
  27  2:28  Overlord  
  28  2:33  Metabolic Boost  
  28  2:41  Extractor  
  28  2:45  Queen  
  28  2:46  Zergling x2  
  28  2:47  Drone  
  28  2:50  Drone  
  33  2:52  Drone  
  33  2:55  Overlord  
  34  3:00  Overlord  
  34  3:13  Drone x2  
  34  3:18  Drone  
  34  3:19  Drone x3  
  41  3:20  Drone x3  
  43  3:29  Overlord  
  43  3:32  Queen  
  45  3:35  Spore Crawler  
  45  3:36  Spore Crawler  
  45  3:39  Drone  
  45  3:41  Drone x2  
  46  3:43  Drone  
  46  3:45  Drone  
  48  3:50  Evolution Chamber  
  48  3:52  Zergling x4  
  48  3:55  Drone  
  50  3:59  Spore Crawler  
  50  4:01  Queen  
  51  4:04  Overlord  
  51  4:07  Drone  
  52  4:10  Drone  
  52  4:13  Drone  
  54  4:17  Drone x2  
  54  4:19  Drone  
  54  4:21  Drone  
  58  4:25  Extractor  
  57  4:32  Zerg Melee Weapons Level 1  
  57  4:34  Baneling Nest  
  57  4:35  Drone x2  
  57  4:37  Overlord  
  58  4:40  Drone x3  
  60  4:47  Drone  
  60  4:50  Overlord, Drone  
  61  4:56  Drone x3  
  61  4:57  Hatchery  
  61  4:58  Extractor  
  61  4:59  Drone  
  64  5:00  Drone  
  64  5:01  Drone  
  64  5:04  Drone x3  
  68  5:09  Lair  
  68  5:21  Zergling x6, Hatchery  
  67  5:24  Zergling x6  
  67  5:26  Zergling x2  
  67  5:27  Zergling x2  
  74  5:29  Overlord  
  74  5:33  Overlord  
  74  5:34  Evolution Chamber  
  73  5:35  Zergling x2  
  73  5:41  Overlord  
  74  5:51  Drone x3  
  74  5:52  Zergling x10  
  82  5:57  Zergling x6  
  82  6:02  Spine Crawler x2, Zergling x2  
  82  6:03  Zergling x12  
  90  6:08  Zergling x4  
  90  6:10  Baneling  
  90  6:11  Baneling x8  
  92  6:15  Zergling x4  
  90  6:20  Spine Crawler, Zergling x2  
  90  6:21  Zergling x4  
  88  6:28  Queen  
  88  6:30  Zergling x14  
  91  6:34  Baneling x2  
  91  6:35  Zergling x6  
  91  6:38  Zergling x2  
  87  6:40  Zergling x2  
  87  6:46  Zergling x2  
  87  6:47  Zergling x6  
  85  6:55  Zergling x14  
  90  7:05  Zergling x2  
  90  7:06  Zergling x8  
  90  7:08  Baneling x4  
  90  7:12  Zergling x8  
  92  7:17  Baneling x8  
  88  7:25  Zergling x2  
  88  7:26  Zergling x12  
  84  7:30  Zergling x2  
  84  7:32  Zergling x10  
  84  7:36  Zergling x2  
  84  7:37  Zergling x2  
  74  7:43  Zergling x10  
  73  7:46  Queen  
  73  7:51  Zergling x10  
  68  7:53  Zergling x2  
  68  7:54  Zergling x4  
  68  7:55  Baneling x3  
  68  7:57  Zergling x2  
  68  7:58  Zergling x2  
  75  8:01  Zergling x4  
  75  8:02  Zergling x2  
  78  8:06  Zergling x4  
  70  8:15  Zergling x8  
  70  8:18  Zergling x6  
  70  8:19  Zergling x2  
  63  8:24  Zergling x6  
  59  8:32  Zergling x4  
  59  8:33  Zergling x10  
  66  8:37  Zergling x2  
  64  8:42  Zergling x2  
  64  8:43  Zergling x2  
  64  8:44  Baneling x2  
  64  8:47  Zergling x10  
Show
View Real Time Build Order
Export as new Build Order

Harstem Protoss - Winner!

Build Orders: 1 Gate Expand, Oracle Opening 

Get SALT Encoding   

  1  0:00  Probe (Chrono Boost)  
  13  0:07  Probe (Chrono Boost)  
  14  0:19  Pylon  
  14  0:24  Probe (Chrono Boost)  
  15  0:38  Probe (Chrono Boost)  
  16  0:43  Gateway  
  17  0:50  Probe (Chrono Boost)  
  17  0:51  Assimilator  
  17  1:02  Probe (Chrono Boost)  
  18  1:08  Probe (Chrono Boost)  
  18  1:17  Probe (Chrono Boost)  
  20  1:26  Nexus  
  20  1:34  Cybernetics Core  
  21  1:40  Probe (Chrono Boost)  
  21  1:43  Assimilator  
  21  1:52  Probe (Chrono Boost), Pylon  
  22  2:04  Probe (Chrono Boost)  
  23  2:10  Probe (Chrono Boost)  
  23  2:11  Stalker  
  23  2:12  Warp Gate  
  26  2:18  Probe (Chrono Boost)  
  28  2:30  Probe (Chrono Boost)  
  28  2:34  Probe (Chrono Boost)  
  28  2:37  Stargate  
  28  2:42  Adept, Probe x2 (Chrono Boost)  
  33  2:54  Probe x2 (Chrono Boost)  
  37  3:06  Probe (Chrono Boost)  
  37  3:07  Probe (Chrono Boost)  
  37  3:10  Oracle  
  37  3:13  Gateway  
  37  3:17  Gateway  
  37  3:18  Probe (Chrono Boost)  
  37  3:19  Probe (Chrono Boost)  
  39  3:24  Pylon  
  42  3:30  Probe (Chrono Boost)  
  42  3:31  Probe (Chrono Boost)  
  42  3:33  Assimilator  
  44  3:34  Adept  
  44  3:39  Assimilator  
  46  3:44  Probe x2 (Chrono Boost)  
  46  3:47  Robotics Facility  
  48  3:50  Oracle  
  50  3:56  Probe x2 (Chrono Boost)  
  53  4:05  Pylon  
  53  4:08  Probe (Chrono Boost)  
  54  4:22  Pylon  
  56  4:25  Probe x2 (Chrono Boost)  
  56  4:26  Sentry  
  58  4:39  Probe (Chrono Boost)  
  58  4:41  Warp Prism  
  60  4:46  Gateway  
  60  4:47  Gateway  
  60  4:51  Gateway  
  60  4:52  Nexus  
  60  4:57  Gateway  
  60  5:03  Sentry x3  
  66  5:09  Gateway  
  66  5:12  Probe (Chrono Boost)  
  67  5:15  Probe (Chrono Boost)  
  67  5:24  Observer, Probe (Chrono Boost)  
  67  5:27  Probe (Chrono Boost)  
  67  5:28  Pylon  
  69  5:29  Pylon  
  69  5:31  Pylon  
  69  5:33  Pylon  
  70  5:48  Probe (Chrono Boost)  
  71  5:50  Sentry x3  
  71  5:51  Stalker x3  
  71  5:56  Probe (Chrono Boost)  
  84  6:00  Shield Battery, Probe (Chrono Boost)  
  85  6:05  Sentry  
  85  6:06  Stalker x3  
  85  6:10  Stalker  
  92  6:27  Stalker  
  92  6:28  Stalker, Sentry  
  98  6:33  Stalker x3  
  98  6:36  Probe (Chrono Boost)  
  101  6:45  Shield Battery, Pylon  
  101  6:46  Pylon  
  101  6:50  Pylon  
  101  7:07  Stalker  
  103  7:11  Stalker x5  
  103  7:34  Stalker x6  
  93  7:43  Stalker x2  
  83  7:55  Stalker x2  
  83  7:57  Zealot  
  89  8:08  Zealot  
  89  8:09  Zealot x3  
  97  8:18  Stalker x2  
  91  8:23  Stalker  
  93  8:37  Stalker x3, Sentry  
  93  8:40  Zealot  
  103  8:43  Zealot  
  103  8:44  Sentry  
  103  8:48  Zealot  
  107  9:00  Zealot x3  
Tags
 
Add a new tag
Caveats
  • Supply blocks, unpowered buildings, or Contaminate may cause inaccurate times.
  • Supply counts are checked every 10 seconds.